 Dungeon Crawl Stone Soup version 0.27-a0-237-g52650a7530 (webtiles) character file.

Game seed: 11714948512910914290

728 Baz the Stinger (level 7, -6/41 HPs)
             Began as an Octopode Wanderer on Feb 2, 2021.
             Was an Initiate of Vehumet.
             Mangled by a bullfrog zombie (7 damage)
             ... on level 5 of the Dungeon.
             The game lasted 00:15:09 (7679 turns).

Baz the Stinger (Octopode Wanderer)                 Turns: 7679, Time: 00:15:09

Health: -6/41      AC:  1    Str: 12    XL:     7   Next: 72%
Magic:  13/13      EV: 12    Int: 16    God:    Vehumet [......]
Gold:   226        SH:  0    Dex: 11    Spells: 2/15 levels left

rFire    . . .     SeeInvis .   (no weapon)
rCold    . . .     Faith    .   (no shield)
rNeg     . . .     Spirit   .   (helmet restricted)
rPois    .         Reflect  .   (no amulet)
rElec    .         Harm     .   (no ring)
rCorr    .         Rampage  .   (no ring)
Will     .....                  (no ring)
Stlth    ++........             (no ring)
HPRegen  0.13/turn              (no ring)
MPRegen  0.13/turn              (no ring)
                                (no ring)
                                (no ring)

@: no status effects
A: almost no armour, stealthy swim, amphibious, 8 rings, constrict 8, camouflage
1, gelatinous body 1
a: Renounce Religion


You were on level 5 of the Dungeon.
You worshipped Vehumet.
Vehumet was noncommittal.
You visited 2 branches of the dungeon, and saw 7 of its levels.

You collected 226 gold pieces.

Inventory:

Hand Weapons
 a - a +2 whip of venom
Armour
 p - a +0 buckler
Jewellery
 b - an uncursed ring of ice
Wands
 o - a wand of paralysis (11)
Scrolls
 c - 5 scrolls of teleportation
 d - 5 scrolls of identify {unknown}
 e - 3 scrolls of random uselessness {unknown}
 f - 5 scrolls of remove curse {unknown}
 l - 2 scrolls of magic mapping {unknown}
 n - a scroll of noise {unknown}
 q - 2 scrolls of blinking {unknown}
 t - a scroll of fog {unknown}
Potions
 g - a potion of degeneration {unknown}
 h - a potion of might {unknown}
 i - a potion of berserk rage {unknown}
 j - 3 potions of curing
 k - a potion of magic {unknown}
 m - a potion of mutation {unknown}
 r - a potion of resistance {unknown}
 s - a potion of brilliance {unknown}


   Skills:
 - Level 2.0 Shields
 + Level 4.5 Spellcasting
 + Level 2.2 Conjurations
 - Level 2.0 Hexes
 - Level 1.0 Necromancy
 - Level 3.0 Transmutations
 - Level 2.2 Air Magic
 * Level 6.9 Poison Magic


You had 2 spell levels left.
You knew the following spells:

 Your Spells              Type           Power        Failure   Level
a - Sting                 Tmut/Pois      76%          1%          1
b - Poisonous Vapours     Pois/Air       36%          3%          2
c - Mephitic Cloud        Conj/Pois/Air  15%          10%         3
d - Ignite Poison         Fire/Tmut/Pois 14%          12%         3
e - Olgreb's Toxic Radia  Pois           25%          9%          4

Your spell library contained the following spells:

 Spells                   Type           Power        Failure   Level
 Beastly Appendage        Tmut           26%          4%          1


Dungeon Overview and Level Annotations

Branches:
Dungeon (6/15)             Temple (1/1) D:4

Altars:
Ashenzari
Cheibriados
Dithmenos
Elyvilon
Fedhas
Gozag
Hepliaklqana
Kikubaaqudgha
Makhleb
Nemelex Xobeh
Okawaru
Qazlal
Ru
Vehumet
Yredelemnul
Zin
The Shining One

Annotations:
D:4 Grinder


Innate Abilities, Weirdness & Mutations

You cannot wear most types of armour.
You are very stealthy in the water. (Stealth+)
You are amphibious.
You can wear up to eight rings at the same time.
You can use your tentacles to constrict eight enemies at once.
Your skin changes colour to match your surroundings (Stealth+).
Your rubbery body absorbs attacks. (AC +1, EV +1)


Message History

The bullfrog zombie hits you. The bullfrog zombie hits you.
The bullfrog zombie closely misses you. The bullfrog zombie barely misses you.
The bullfrog zombie hits you.
You see here a runed leather armour.
The bullfrog zombie hits you. The bullfrog zombie hits you.
The bullfrog zombie hits you.
The bullfrog zombie completely misses you.
The bullfrog zombie hits you! The bullfrog zombie hits you.
* * * LOW HITPOINT WARNING * * *
The bullfrog zombie hits you.
* * * LOW HITPOINT WARNING * * *
The bullfrog zombie hits you.
* * * LOW HITPOINT WARNING * * *
There is a stone staircase leading up here.
The bullfrog zombie hits you!
You die...

# ##.####.# #.###.#
########### ##....##.#
#.# #.#
..........####........#
#.# #.#
#########...#..#...####
#.###.### ###...###.##
#.#..†... ##### #.#
#.#.#.### #.# #...#.##
####Z########...#.##
#..@...........###.#
#.#########..(.(#...
#.# #........###
#.#######.#.....##
#......>...#...##
#########..###.# #..#
#.# #..# #.##### #..#
#.#....


You could see a bullfrog zombie.

Vanquished Creatures
  Sigmund (D:5)
  An ogre (D:4)
  Blork the orc (D:4)
  A scorpion (D:5)
  A jelly (D:5)
  4 worker ants (D:5)
  A hound skeleton (D:4)
  A worker ant zombie (D:5)
  10 gnolls
  6 adders
  A worm (D:2)
  2 dart slugs
  4 leopard geckos
  2 orcs
  2 ball pythons
  6 bats
  3 giant cockroaches
  7 hobgoblins
  7 jackals
  3 quokkas
  4 frilled lizards
  8 goblins
  7 kobolds
  5 rats
88 creatures vanquished.

Notes
Turn   | Place    | Note
-------+----------+-------------------------------------------
     0 | D:1      | Baz the Octopode Wanderer began the quest for the Orb.
     0 | D:1      | Baz set off with the following items: a +0 club, a scroll
                  | of teleportation; and the following spells available to
                  | memorise: Sting, Poisonous Vapours, Beastly Appendage,
                  | Ignite Poison, Mephitic Cloud, Olgreb's Toxic Radiance
     0 | D:1      | Reached XP level 1. HP: 11/11 MP: 4/4
    27 | D:1      | Learned a level 1 spell: Sting
   316 | D:1      | Reached XP level 2. HP: 13/17 MP: 4/6
   326 | D:1      | Reached skill level 3 in Poison Magic
   458 | D:1      | Learned a level 2 spell: Poisonous Vapours
  1028 | D:1      | Reached skill level 1 in Transmutations
  1114 | D:1      | Reached XP level 3. HP: 17/21 MP: 3/7
  1727 | D:2      | Reached skill level 1 in Air Magic
  1727 | D:2      | Reached XP level 4. HP: 25/27 MP: 3/9
  2164 | D:2      | Reached skill level 4 in Poison Magic
  2172 | D:2      | Learned a level 3 spell: Mephitic Cloud
  2176 | D:2      | Learned a level 3 spell: Ignite Poison
  3089 | D:3      | Reached XP level 5. HP: 30/31 MP: 0/10
  3617 | D:3      | Found a glowing golden altar of the Shining One.
  4044 | D:3      | Reached skill level 5 in Poison Magic
  4450 | D:3      | Reached XP level 6. HP: 36/36 MP: 8/11
  4694 | D:4      | Noticed Grinder
  4700 | D:4      | Paralysed by Grinder for 4 turns
  4742 | D:4      | Noticed Blork the orc
  4757 | D:4      | Killed Blork the orc
  5051 | D:4      | Found a staircase to the Ecumenical Temple.
  5059 | Temple   | Entered the Ecumenical Temple
  5310 | Temple   | Became a worshipper of Vehumet
  6284 | D:5      | Entered Level 5 of the Dungeon
  6340 | D:5      | Reached skill level 1 in Conjurations
  6418 | D:5      | Reached XP level 7. HP: 41/41 MP: 6/13
  6470 | D:5      | Learned a level 4 spell: Olgreb's Toxic Radiance
  6506 | D:5      | Reached skill level 6 in Poison Magic
  7517 | D:5      | Noticed Sigmund
  7521 | D:5      | Killed Sigmund
  7678 | D:5      | HP: 1/41 [bullfrog zombie (3)]
  7679 | D:5      | Mangled by a bullfrog zombie

Illustrated notes

Levels and vault maps discovered:
D:1:      minmay_arrival_split_and_join, layout_basic
D:2:      layout_rooms, glass_columns_a
D:3:      layout_basic, tso_metal_star
D:4:      layout_cave_pools, chequers_temple_overflow_statue_of_worship,
          nzn_overflow_gifts_of_might_and_magic,
          minmay_temple_entry_drinking_statues, minmay_manual_monolith,
          uniq_grinder, uniq_blork_the_orc
D:5:      layout_loops_ring, minmay_puff, uniq_sigmund
D:6:      layout_loops_ring, gammafunk_ghost_abyssal_escape
Temple:   eino_temple_rhombus

Skill      XL: |  1  2  3  4  5  6  7 |
---------------+----------------------+-----
Poison Magic   | 3 4 5 6 |  6.9
Transmutations | 1 2 3 |  3.0
Air Magic      | 1 2 |  2.2
Spellcasting   | 4 |  4.5
Conjurations   | 1 2 |  2.2
Shields        | |  2.0
Hexes          | |  2.0
Necromancy     | |  1.0

Action                   |  1- 3 |  4- 6 |  7- 9 || total
-------------------------+-------+-------+-------++-------
Melee: Unarmed           |     6 |     1 |       ||     7
       Constrict         |     2 |     1 |       ||     3
       Tentacles         |     2 |     1 |       ||     3
 Cast: Sting             |    70 |    74 |    27 ||   171
       Poisonous Vapours |       |    51 |    13 ||    64
       Ignite Poison     |       |     3 |     1 ||     4
Armor: Skin              |     4 |     3 |     1 ||     8
Dodge: Dodged            |    41 |    31 |    14 ||    86

Table legend: (Time is in decaauts)
 A = Elapsed time spent in this place.
 B = Non-inter-level travel time spent in this place.
 C = Inter-level travel time spent in this place.
 D = Time resting spent in this place.
 E = Time spent auto-exploring this place.
 F = Levels seen in this place.
 G = Mean time per level.
                   A        B        C        D        E       F      G
               +--------+--------+--------+--------+--------+-----+--------+
         Total |   7691 |   7492 |    199 |   3288 |   3000 |   7 | 1098.7 |
       Dungeon |   7424 |   7241 |    183 |   3288 |   2841 |   6 | 1237.3 |
        Temple |    267 |    251 |     16 |      0 |    159 |   1 |  267.0 |
               +--------+--------+--------+--------+--------+-----+--------+

Top non-repeatable levels by time:
     D:3: 2386 daAuts
     D:1: 2134 daAuts
     D:5: 1186 daAuts
     D:2: 996 daAuts
     D:4: 510 daAuts
  Temple: 267 daAuts
     D:6: 208 daAuts
